 Dungeon Crawl Stone Soup version 0.20-a0-1124-g2e29d97 (webtiles) character file.

283 Avack the Conjurer (level 6, -4/45 HPs)
             Began as a Draconian Conjurer on May 13, 2017.
             Slain by Eustachio
             ... wielding a +0 rapier
              (5 damage)
             ... on level 4 of the Dungeon on May 15, 2017.
             The game lasted 00:08:38 (3446 turns).

Avack the Conjurer (Draconian Conjurer)             Turns: 3446, Time: 00:08:40

Health: -4/45      AC:  6    Str: 10    XL:     6   Next: 7%
Magic:  9/9        EV: 12    Int: 16    God:
Gold:   196        SH:  0    Dex: 13    Spells: 5/9 levels left

rFire    . . .     SeeInvis .   e - +0 blowgun (curse)
rCold    . . .     Gourm    .   (no shield)
rNeg     . . .     Faith    .   (armour unavailable)
rPois    .         Spirit   .   (helmet restricted)
rElec    .         Reflect  .   (no cloak)
rCorr    +         Harm     .   (no gloves)
MR       .....                  (no boots)
Stlth    ++........             g - amulet of magic regeneration
Regen    0.2/turn               w - ring of resist corrosion
MPRegen  0.2/turn               (no ring)

@: no status effects
A: unfitting armour, cold-blooded, AC +6
a: no special abilities


You were on level 4 of the Dungeon.
You were not hungry.

You visited 1 branch of the dungeon, and saw 4 of its levels.

You collected 196 gold pieces.

Inventory:

Hand Weapons
 e - a cursed +0 blowgun (weapon)
 q - a +2 spear of venom
Missiles
 f - 99 stones
 u - 4 poisoned needles (quivered)
Jewellery
 g - an amulet of magic regeneration (around neck)
 w - a ring of resist corrosion (left hand)
Scrolls
 c - 3 scrolls of identify {unknown}
 d - 2 scrolls of magic mapping {unknown}
 i - a scroll of immolation {unknown}
 k - 2 scrolls of remove curse {unknown}
 l - 2 scrolls of fog {unknown}
 m - 4 scrolls of amnesia {unknown}
 v - a scroll of teleportation {unknown}
 x - a scroll of random uselessness {unknown}
Potions
 h - 2 potions of brilliance {unknown}
 j - a potion of resistance {unknown}
 n - a potion of agility {unknown}
 o - a potion of mutation {unknown}
 r - a potion of lignification {unknown}
 s - a potion of curing {unknown}
 A - a potion of cancellation {unknown}
Books
 a - a book of Conjurations

   Spells                             Type                      Level
   a - Magic Dart                     Conjuration                  1
   b - Searing Ray                    Conjuration                  2
   c - Dazzling Spray                 Conjuration/Hexes            3
   d - Fulminant Prism                Conjuration/Hexes            4
   e - Force Lance                    Conjuration/Translocation    4
   f - Iskenderun's Mystic Blast      Conjuration                  4
Comestibles
 b - a bread ration
 p - 4 meat rations
 z - a royal jelly


   Skills:
 - Level 1.7 Dodging
 - Level 1.7 Stealth
 - Level 2.0 Spellcasting
 + Level 7.4 Conjurations


You had 5 spell levels left.
You knew the following spells:

 Your Spells              Type           Power        Failure   Level  Hunger
a - Magic Dart            Conj           ####         1%          1    #......
b - Dazzling Spray        Conj/Hex       ##....       14%         3    ###....


Dungeon Overview and Level Annotations

Branches:
Dungeon (4/15)
 Temple: D:4-7

Altars:
Cheibriados

Shops:
D:4 *

Annotations:
D:2 Natasha
D:4 Eustachio


Innate Abilities, Weirdness & Mutations

Your plain brown scales are hard. (AC +6)
You cannot fit into any form of body armour.
You are cold-blooded and may be slowed by cold attacks.


Message History

[Y]es or [N]o only, please.
Really attack while wielding your cursed +0 blowgun?
Okay, then.
The ufetubus hits you.
* * * LOW HITPOINT WARNING * * *
The ufetubus misses you.
Eustachio gestures wildly while chanting.
Really attack while wielding your cursed +0 blowgun?
Okay, then.
Eustachio barely misses you.
The crimson imp disappears in a puff of smoke!
The iron imp disappears in a puff of smoke!
Found 6 gold pieces.
The white imp gestures at you. The puff of frost hits you!
* * * LOW HITPOINT WARNING * * *
The ufetubus closely misses you.
The ufetubus hits you but does no damage.
Eustachio hits you with a rapier.
You die...

#.# ############.. $.
#............# #.## ###
#.#####......##....
#.#####.# #............
..##....# #....!.......
..##.##.## #............
..##.#...####..5@........
......._.......5@5.......
..####...#.##.?g.g.......
..# ##.##.##..ยง.g.......
..# #... ##............
..# #.### #.......#....
..#####.#####...##.######
.........##.....# .#
.........####...# .#


You could see Eustachio, a quasit, 3 gnolls, a white imp and an ufetubus.

Vanquished Creatures
  A hound (D:4)
  An orc wizard (D:4)
  2 iguanas (D:4)
  A hound skeleton (D:4)
  2 gnolls (D:3)
  4 adders
  2 oozes
  An adder skeleton (D:4)
  2 worms (D:3)
  A dart slug (D:2)
  A leopard gecko (D:3)
  10 orcs
  5 bats
  2 giant cockroaches
  10 goblins
  4 hobgoblins
  3 jackals (D:3)
  6 quokkas
  A ball python (D:1)
  3 frilled lizards
  8 kobolds
  8 rats
78 creatures vanquished.

Notes
Turn   | Place    | Note
-------+----------+-------------------------------------------
     0 | D:1      | Avack the Draconian Conjurer began the quest for the Orb.
     0 | D:1      | Reached XP level 1. HP: 14/14 MP: 3/3
   288 | D:1      | Reached XP level 2. HP: 20/20 MP: 3/5
  1112 | D:2      | Reached skill level 5 in Conjurations
  1112 | D:2      | Reached XP level 3. HP: 26/26 MP: 1/6
  1242 | D:2      | Noticed Natasha
  1362 | D:2      | Learned a level 3 spell: Dazzling Spray
  1713 | D:3      | Reached XP level 4. HP: 23/33 MP: 1/7
  2188 | D:3      | Reached skill level 6 in Conjurations
  2446 | D:3      | You fall through a shaft!
  2446 | D:4      | Found a snail-covered altar of Cheibriados.
  2453 | D:4      | Reached XP level 5. HP: 27/38 MP: 3/8
  2549 | D:4      | Noticed Eustachio
  3109 | D:4      | Upgraded the game from 0.20-a0-1122-gb7cbeb9 to 0.20-a0-1124-g2e29d97
  3206 | D:4      | Reached skill level 7 in Conjurations
  3381 | D:4      | Reached XP level 6. HP: 7/45 MP: 1/9
  3434 | D:4      | Found Kaim's Assorted Antiques.
  3446 | D:4      | HP: 1/45 [white imp/puff of frost[Eustachio] (6)]
  3446 | D:4      | Slain by Eustachio

Vault maps used:
D:1:      dpeg_arrival_rooms_a
D:2:      uniq_natasha
D:3:      wad_woods_tower
D:4:      nicolae_overflow_crystal_walls, temple_green, serial_shops,
          nicolae_shop_trees, uniq_eustachio

Skill      XL: |  1  2  3  4  5 |
---------------+----------------+-----
Conjurations   | 5 6 7 |  7.4
Dodging        | |  1.7
Stealth        | |  1.7
Spellcasting   | |  2.0

Action                   |  1- 3 |  4- 6 || total
-------------------------+-------+-------++-------
Melee: Short sword       |    26 |     3 ||    29
       Spear             |       |    88 ||    88
       Tailslap          |       |    10 ||    10
 Fire: Blowgun           |       |     3 ||     3
 Cast: Magic Dart        |    68 |    36 ||   104
       Dazzling Spray    |       |     5 ||     5
 Stab: Sleeping          |       |     2 ||     2
  Eat: Chunk             |     3 |     7 ||    10
Armor: Skin              |    10 |    30 ||    40
Dodge: Dodged            |    27 |    64 ||    91
